 Dungeon Crawl Stone Soup version 0.24.0-37-gcf1ca852f1 (webtiles) character file.

Game seed: 11711633263638809467, levelgen mode: deterministic

13342 Gruesph the Thaumaturge (level 11, -7/62 HPs)
             Began as a Deep Elf Fire Elementalist on Nov 27, 2019.
             Was an Elder of Sif Muna.
             Hit by a large rock thrown by a cyclops (28 damage)
             ... on level 12 of the Dungeon.
             The game lasted 01:03:08 (17520 turns).

Gruesph the Thaumaturge (DEFE)                     Turns: 17520, Time: 01:03:08

Health: -7/62      AC:  7    Str:  5    XL:     11   Next: 74%
Magic:  32/36      EV: 16    Int: 24    God:    Sif Muna [****..]
Gold:   636        SH:  0    Dex: 18    Spells: 16/30 levels left

rFire    . . .     SeeInvis +   b - +7 long sword "Z" {flame, *Slow rElec MP+9 SInv}
rCold    . . .     Gourm    .   (no shield)
rNeg     . . .     Faith    .   v - +2 leather armour "Holio" {Dex+3}
rPois    .         Spirit   .   (no helmet)
rElec    +         Reflect  .   d - +1 cloak
rCorr    .         Harm     .   (no gloves)
MR       ++...                  (no boots)
Stlth    +++.......             u - amulet of regeneration
HPRegen  0.60/turn              m - ring of stealth
MPRegen  0.25/turn              t - ring of protection from magic

@: no status effects
A: no striking features
a: Channel Magic, Forget Spell, Divine Exegesis, Renounce Religion


You were on level 12 of the Dungeon.
You worshipped Sif Muna.
Sif Muna was greatly pleased with you.
You were not hungry.

You visited 2 branches of the dungeon, and saw 13 of its levels.

You collected 636 gold pieces.

Inventory:

Hand Weapons
 a - a +1 whip of electrocution
 b - the +7 long sword "Z" (weapon) {flame, *Slow rElec MP+9 SInv}
   (You found it on level 7 of the Dungeon)

   It has been specially enchanted to burn those struck by it, causing extra
   injury to most foes and up to half again as much damage against particularly
   susceptible opponents.
   Big, fiery blades are also staple armaments of hydra-hunters.
   It insulates you from electricity.
   It affects your magic capacity (+9).
   It lets you see invisible.
   It may slow you when you take damage.
 P - a +3 dagger
Missiles
 k - 59 sling bullets
 o - 332 stones
 x - 29 poisoned darts (quivered)
Armour
 d - a +1 cloak (worn)
 v - the +2 leather armour "Holio" (worn) {Dex+3}
   (You took it off an orc on level 4 of the Dungeon)

   It affects your dexterity (+3).
 B - a +1 robe of fire resistance
 L - a +2 robe of cold resistance
Jewellery
 m - a ring of stealth (left hand)
 t - a ring of protection from magic (right hand)
 u - an amulet of regeneration (around neck)
Wands
 s - a wand of random effects (37)
 w - a wand of digging (7)
 D - a wand of polymorph (10)
 G - a wand of scattershot (2)
 I - a wand of enslavement (11)
 N - a wand of iceblast (6)
Scrolls
 i - 3 scrolls of identify
 j - 10 scrolls of teleportation
 r - 4 scrolls of remove curse
 A - 2 scrolls of amnesia
 C - a scroll of immolation
 H - 2 scrolls of enchant armour
 J - a scroll of magic mapping
 M - a scroll of fog
Potions
 c - 6 potions of curing
 e - a potion of might
 g - 3 potions of cancellation
 h - a potion of heal wounds
 l - a potion of berserk rage
 n - 5 potions of lignification
 p - a potion of resistance
 q - a potion of agility
 y - a potion of flight
 z - 3 potions of mutation
Miscellaneous
 E - a phial of floods (inert)
 F - a sack of spiders
Comestibles
 f - 22 rations


   Skills:
 + Level 4.7 Fighting
 + Level 7.5 Dodging
 - Level 2.4 Stealth
 - Level 10.1 Spellcasting
 - Level 10.1 Conjurations
 - Level 10.0 Fire Magic
 + Level 9.9 Invocations


You had 16 spell levels left.
You knew the following spells:

 Your Spells              Type           Power        Failure   Level  Hunger
a - Throw Flame           Conj/Fire      ######       1%          2    None
b - Conjure Flame         Conj/Fire      ######..     1%          3    None
c - Sticky Flame          Conj/Fire      ######..     1%          4    #......
d - Fireball              Conj/Fire      ######....   3%          5    ####...

Your spell library contained the following spells:

 Spells                   Type           Power        Failure   Level  Hunger
 Flame Tongue             Conj/Fire      #####        1%          1    None
 Inner Flame              Hex/Fire       #####...     3%          3    None


Dungeon Overview and Level Annotations

Branches:
Dungeon (12/15)            Temple (1/1) D:5            Lair (0/6) D:11
    Orc (0/2) D:9

Altars:
Ashenzari
Cheibriados
Dithmenos
Elyvilon
Fedhas
Gozag
Hepliaklqana
Kikubaaqudgha
Makhleb
Nemelex Xobeh
Okawaru
Qazlal
Ru
Sif Muna
Trog
Uskayaw
Vehumet
Wu Jian
Xom
Yredelemnul
Zin
The Shining One

Shops:
D:6 *   D:11 =


Message History

There is a stone staircase leading up here.
Casting: Throw Flame (safe; 1% risk of failure)
Confirm with . or Enter, or press ? or * to list all spells.
Aiming: Throw Flame (safe; 1% risk of failure)
Press: ? - help, Shift-Dir - straight line, f - cyclops
Aim: a cyclops (resting)
The puff of flame hits the cyclops.
The cyclops is lightly wounded.
The cyclops shouts!
The yak bellows!
You hear a bellow! x3
Casting: Throw Flame (safe; 1% risk of failure)
Confirm with . or Enter, or press ? or * to list all spells.
Aiming: Throw Flame (safe; 1% risk of failure)
Press: ? - help, Shift-Dir - straight line, f/p - cyclops
Aim: a cyclops (lightly wounded)
The puff of flame hits the cyclops.
The cyclops is lightly wounded.
The cyclops throws a large rock.
The large rock hits you!!!
Ouch! That really hurt!
The cyclops throws a large rock.
The large rock hits you!!
You die...

.........# ..
.........##.#
..Y.........
.#....C....
#.........##
...........##
............#
.......@#
!#.....#.#
....... ..#
..(.... .##
....... .#
....... ..
....... ..
....... ..


You could see a cyclops and a yak.

Vanquished Creatures
  2 two-headed ogres
  An unseen horror (D:10)
  A deep elf mage (D:11)
  2 gargoyles (D:11)
  A kobold demonologist (D:8)
  A tengu conjurer (D:11)
  Prince Ribbit (D:7)
  5 hippogriffs
  A shadow (D:11)
  9 yaks
  2 wyverns
  A hungry ghost (D:9)
  2 soldier ants (D:11)
  2 wargs (D:9)
  A water moccasin (D:5)
  Duvessa (D:6)
  4 orc warriors
  4 sky beasts
  A black bear (D:10)
  4 phantoms
  A necrophage (D:7)
  7 ice beasts
  7 ogres
  2 centaurs
  A crocodile (D:9)
  8 big kobolds (D:8)
  4 bullfrogs
  2 gnoll sergeants (D:9)
  Dowan (D:6)
  A wyvern zombie (D:11)
  4 killer bees (D:8)
  A howler monkey (D:2)
  4 crimson imps
  A quasit (D:7)
  A bullfrog zombie (D:8)
  2 hounds
  5 jellies
  3 centaur zombies
  5 orc priests
  10 orc wizards
  2 centaur skeletons
  3 iguanas
  5 bullfrog skeletons
  10 worker ants
  2 killer bee zombies
  4 hound skeletons
  17 gnolls
  11 adders
  4 shadow imps
  2 oozes (D:3)
  An adder skeleton (D:7)
  4 worms
  3 dart slugs
  6 leopard geckos
  27 orcs
  6 bats
  5 giant cockroaches
  9 hobgoblins
  3 jackals (D:5)
  34 kobolds
  4 quokkas
  A ball python (D:1)
  5 frilled lizards
  7 goblins
  11 kobold skeletons (D:8)
  7 kobold zombies (D:8)
  A quokka skeleton (D:8)
  5 rats
315 creatures vanquished.

Vanquished Creatures (collateral kills)
  An ugly thing (D:11)
1 creature vanquished.

Grand Total: 316 creatures vanquished

Notes
Turn   | Place    | Note
-------+----------+-------------------------------------------
     0 | D:1      | Gruesph the Deep Elf Fire Elementalist began the quest for
                  | the Orb.
     0 | D:1      | Reached XP level 1. HP: 10/10 MP: 6/6
   220 | D:1      | Reached XP level 2. HP: 15/15 MP: 5/8
   364 | D:1      | You fall into a shaft and drop 1 floor!
   437 | D:2      | Found a sacrificial altar of Ru.
  1075 | D:2      | Reached XP level 3. HP: 19/19 MP: 8/10
  1080 | D:2      | Learned a level 3 spell: Conjure Flame
  1337 | D:2      | Reached XP level 4. HP: 24/24 MP: 6/12
  1362 | D:2      | Learned a level 4 spell: Sticky Flame
  1725 | D:2      | Found a blossoming altar of Fedhas.
  1973 | D:3      | Noticed a phantom
  1989 | D:3      | Killed a phantom
  1989 | D:3      | Reached XP level 5. HP: 28/28 MP: 2/14
  2118 | D:3      | Reached skill level 5 in Spellcasting
  2363 | D:3      | Reached skill level 5 in Fire Magic
  2737 | D:3      | Reached XP level 6. HP: 32/32 MP: 4/16
  2886 | D:3      | Found a shimmering altar of Xom.
  3513 | D:3      | Learned a level 2 spell: Throw Flame
  4151 | D:4      | Identified the +2 leather armour "Holio" {Dex+3}
  4382 | D:4      | Found a shimmering blue altar of Sif Muna.
  4391 | D:4      | Became a worshipper of Sif Muna the Loreminder
  4610 | D:5      | Entered Level 5 of the Dungeon
  4842 | D:4      | Reached XP level 7. HP: 36/36 MP: 9/18
  4945 | D:5      | Reached skill level 5 in Conjurations
  4952 | D:5      | Learned a level 5 spell: Fireball
  5005 | D:5      | Found a staircase to the Ecumenical Temple.
  5749 | D:4      | Found a shattered altar of Ashenzari.
  5749 | D:4      | Found a bloodstained altar of Trog.
  5944 | D:5      | Reached XP level 8. HP: 41/41 MP: 6/21
  6191 | Temple   | Entered the Ecumenical Temple
  6901 | D:6      | Found a snail-covered altar of Cheibriados.
  6913 | D:6      | Noticed Duvessa
  6913 | D:6      | Noticed Dowan
  6933 | D:6      | Found Dgac's Desiderata Depot.
  7037 | D:6      | Killed Duvessa
  7058 | D:6      | Killed Dowan
  7490 | D:7      | Noticed Prince Ribbit
  7560 | D:7      | Reached * piety under Sif Muna
  7616 | D:7      | Noticed a hippogriff
  7620 | D:7      | Killed a hippogriff
  7620 | D:7      | Reached skill level 1 in Invocations
  7707 | D:7      | Noticed a hippogriff
  7715 | D:7      | Killed a hippogriff
  8007 | D:7      | Noticed a hippogriff
  8017 | D:7      | Reached XP level 9. HP: 45/45 MP: 6/24
  8576 | D:7      | Noticed a two-headed ogre
  8597 | D:7      | Killed a two-headed ogre
  8597 | D:7      | Reached skill level 10 in Spellcasting
  8833 | D:7      | Got an ichor-stained long sword
  9197 | D:7      | Found a sparkling altar of Nemelex Xobeh.
  9325 | D:7      | Reached skill level 5 in Invocations
  9933 | D:7      | Identified the +7 long sword "Z" {flame, *Slow rElec MP+9
                  | SInv} (You found it on level 7 of the Dungeon)
 10214 | D:7      | Killed Prince Ribbit
 10284 | D:7      | Reached XP level 10. HP: 50/50 MP: 9/26
 10592 | D:8      | Reached ** piety under Sif Muna
 11521 | D:8      | Reached skill level 10 in Fire Magic
 11756 | D:8      | Reached *** piety under Sif Muna
 12072 | D:8      | Found an ancient bone altar of Kikubaaqudgha.
 12249 | D:8      | Noticed a two-headed ogre
 12257 | D:8      | Killed a two-headed ogre
 12257 | D:8      | Reached skill level 10 in Conjurations
 12480 | D:9      | Found a staircase to the Orcish Mines.
 12496 | D:9      | Reached skill level 1 in Fighting
 12496 | D:9      | Reached **** piety under Sif Muna
 13413 | D:9      | Reached XP level 11. HP: 32/57 MP: 14/27
 13996 | D:10     | Entered Level 10 of the Dungeon
 14122 | D:10     | Noticed an unseen horror
 14128 | D:10     | Killed an unseen horror
 14128 | D:10     | Reached skill level 5 in Dodging
 15277 | D:11     | Noticed a deep elf mage
 15514 | D:11     | Found Heuxt's Jewellery Boutique.
 15617 | D:11     | Killed a deep elf mage
 16669 | D:11     | Noticed a red ugly thing
 16677 | D:11     | Killed a red ugly thing
 16719 | D:11     | Found a staircase to the Lair.
 17156 | D:11     | Found Heuxt's Jewellery Boutique.
 17327 | D:11     | Found a staircase to the Lair.
 17520 | D:12     | Hit by a large rock thrown by a cyclops

Levels and vault maps discovered:
D:1:      minmay_arrival_open_corners, layout_rooms
D:2:      wad_lake_hut, layout_basic, lemuel_round_altar,
          minmay_tree_intersection, chequers_avenue, nicolae_ru_awakened_eye
D:3:      layout_basic, lemuel_crystal_altar
D:4:      layout_loops_ring, nicolae_overflow_hidden_temple, lemuel_round_altar,
          kennysheep_generic_room_16
D:5:      layout_rooms, minmay_temple_entry_arrows, first_ration,
          kennysheep_generic_room_12
D:6:      layout_gridville, nicolae_alphabet_shops, cheibriados_altar_1,
          uniq_duvessa
D:7:      minmay_the_grid_four_pointed_star
          [minmay_the_grid_triangle_9x9_limited_checkers,
          minmay_the_grid_triangle_9x9_steps,
          minmay_the_grid_triangle_9x9_thin_v,
          minmay_the_grid_triangle_9x9_descending_squares,
          minmay_the_grid_prize_trominoes], layout_basic, basic_altar,
          uniq_prince_ribbit1
D:8:      wander_kiku_kobolds, layout_loops_ring
D:9:      layout_long_grid, david_orc_3
D:10:     layout_cave_pods
D:11:     layout_cave_pods, lair_entry_dummy, serial_shops,
          nicolae_shop_crystal, hangedman_pestilent_swarm, minmay_checkerbox
D:12:     layout_cross, uniq_maurice
Temple:   eino_temple_rhombus

Skill      XL: |  1  2  3  4  5  6  7  8  9 10 11 |
---------------+----------------------------------+-----
Conjurations   | 2 3 4 5 7 8 10 | 10.1
Spellcasting   | 4 5 6 7 9 10 | 10.1
Fire Magic     | 4 5 6 8 9 10 | 10.0
Invocations    | 2 5 8 9 |  9.9
Dodging        | 4 7 |  7.5
Fighting       | 2 4 |  4.7
Stealth        | |  2.4

Action                   |  1- 3 |  4- 6 |  7- 9 | 10-12 || total
-------------------------+-------+-------+-------+-------++-------
Melee: Unarmed           |     1 |       |       |       ||     1
       Dagger            |     6 |     4 |   117 |       ||   127
       Long sword        |       |       |       |    62 ||    62
       Whip              |       |       |       |    14 ||    14
Throw: Stone             |       |    44 |       |       ||    44
       Dart              |       |    14 |    46 |    13 ||    73
 Cast: Flame Tongue      |    41 |    83 |       |       ||   124
       Conjure Flame     |     1 |     3 |     7 |     4 ||    15
       Throw Flame       |       |    44 |   192 |   315 ||   551
       Sticky Flame      |       |     3 |    13 |    33 ||    49
       Fireball          |       |       |       |    20 ||    20
Evoke: Wand              |       |       |       |     4 ||     4
       Phial of floods   |       |       |       |     1 ||     1
  Use: Scroll            |       |    11 |     8 |     7 ||    26
       Potion            |       |       |     2 |       ||     2
 Stab: Sleeping          |     4 |       |     1 |       ||     5
  Eat: Chunk             |    10 |    11 |     6 |    16 ||    43
       Ration            |       |       |     3 |     3 ||     6
Armor: Leather armour    |       |    12 |    50 |    37 ||    99
Dodge: Dodged            |    10 |    20 |    89 |    88 ||   207
       Rpst.: Long sword |       |       |       |    20 ||    20
